 Dungeon Crawl Stone Soup version 0.29-a0-330-g52719c12eb (webtiles) character file.

Game seed: 10969534751756011091

619216 DavidChitty2 the Conqueror (level 24, -12/214 (224) HPs)
             Began as a Minotaur Fighter on Apr 6, 2022.
             Was the Champion of Ru.
             Mangled by Coxyshe the pandemonium lord (32 damage)
             ... on level 5 of the Realm of Zot on Apr 20, 2022.
             The game lasted 02:07:11 (75144 turns).

DavidChitty2 the Conqueror (Minotaur Fighter)      Turns: 75144, Time: 02:07:12

HP:   -12/214 (224) AC: 42    Str: 38    XL:     24   Next: 98%
MP:   26/26         EV:  9    Int:  7    God:    Ru [******]
Gold: 4212          SH: 24    Dex:  8    Spells: 31/33 levels left

rFire   + + +      SeeInvis +   a - +9 broad axe (vamp)
rCold   + + +      Faith    .   G - +2 shield of Resistance {rF++ rC++ Will++}
rNeg    + . .      Spirit   .   i - +8 gold dragon scales
rPois   +          Reflect  +   L - +2 hat of the Ubiquitous God {rF+ Int-4 Slay+2}
rElec   .          Harm     .   A - scarf {repulsion}
rCorr   .          Rampage  .   t - +1 pair of gloves {Str+3}
Will    ++++.                   S - +0 pair of boots of Toothy Surprise {rF+ Will+ Str+4}
Stlth   ..........              h - amulet of reflection
HPRegen 0.45/turn               z - ring of see invisible
MPRegen 0.20/turn               R - ring "Wofrixetz" {rC+ rN+ Str+4 Int+6 Stlth+}

@: exhausted, studying 3 skills, lightly drained, repel missiles, unable to read
A: horns 2, inability to read while threatened, hated by all, inability to train
dodging, inexperienced 1, missing an eye, retaliatory headbutt, talons 1, clumsy
1, deterioration 1, dopey 1, frail 1, low MP 1, screaming 1, weak 2, subdued
magic 1
0: Orb of Zot
}: 3/15 runes: decaying, silver, gossamer
a: Renounce Religion, Draw Out Power, Power Leap, Apocalypse


You were on level 5 of the Realm of Zot.
You worshipped Ru.
Ru was exalted by your worship.
You visited 10 branches of the dungeon, and saw 49 of its levels.
You visited the Abyss 1 time.
You visited 2 bazaars.
You also visited: Ossuary, Bailey, Gauntlet and Desolation.

You collected 8137 gold pieces.
You spent 3925 gold pieces at shops.

Inventory:

Hand Weapons
 a - a +9 vampiric broad axe (weapon)
   (You subdued it on level 1 of the Elven Halls)
 b - the +7 broad axe "Huacs" {holy, Int+3 SInv}
   (You bought it in a shop in a bazaar)

   It has been blessed by the Shining One to cause great damage to the undead
   and demons.
   Int:       It affects your intelligence (+3).
   SInv:      It lets you see invisible.
 e - the +8 rapier of the Coward {vorpal, Will+ rCorr}
   (You found it on level 2 of the Realm of Zot)

   It inflicts extra damage upon your enemies.
   rCorr:     It protects you from acid and corrosion.
   Will:      It increases your willpower.
Missiles
 J - 2 throwing nets (quivered) {!f}
Armour
 i - +8 gold dragon scales (worn)
   (You found it on level 4 of the Vaults)
 t - a +1 pair of gloves of strength (worn)
   (You found it on level 3 of the Elven Halls)
 A - a scarf of repulsion (worn)
   (You found it on level 8 of the Dungeon)
 G - the +2 shield of Resistance (worn) {rF++ rC++ Will++}
   (You bought it in a shop on level 2 of the Orcish Mines)

   rF:        It greatly protects you from fire.
   rC:        It greatly protects you from cold.
   Will:      It greatly increases your willpower.
 L - the +2 hat of the Ubiquitous God (worn) {rF+ Int-4 Slay+2}
   (You found it on level 4 of the Spider Nest)

   Int:       It affects your intelligence (-4).
   Slay:      It affects your accuracy & damage with ranged weapons and melee
   (+2).
   rF:        It protects you from fire.
 S - the +0 pair of boots of Toothy Surprise (worn) {rF+ Will+ Str+4}
   (You acquired it on level 3 of the Vaults)

   Str:       It affects your strength (+4).
   rF:        It protects you from fire.
   Will:      It increases your willpower.
Jewellery
 h - an amulet of reflection (around neck)
   (You found it on level 9 of the Dungeon)
 z - a ring of see invisible (left hand)
   (You took it off a yaktaur captain on level 5 of the Vaults)
 E - a ring of resist corrosion
   (You found it on level 6 of the Lair of Beasts)
 H - the ring of Odygh {rElec rPois MP+9 EV+4}
   (You found it on level 2 of the Swamp)

   [ring of evasion]

   EV:        It affects your evasion (+4).
   rElec:     It insulates you from electricity.
   rPois:     It protects you from poison.
   MP:        It affects your magic capacity (+9).
 Q - a ring of positive energy
   (You found it in a Gauntlet)
 R - the ring "Wofrixetz" (right hand) {rC+ rN+ Str+4 Int+6 Stlth+}
   (You found it in a Gauntlet)

   [ring of intelligence]

   Str:       It affects your strength (+4).
   Int:       It affects your intelligence (+6).
   rC:        It protects you from cold.
   rN:        It protects you from negative energy.
   Stlth:     It makes you more stealthy.
Wands
 d - a wand of iceblast (52)
   (You found it on level 2 of the Dungeon)
 u - a wand of paralysis (20)
   (You found it on level 8 of the Dungeon)
 v - a wand of digging (26)
   (You took it off Lodul on level 11 of the Dungeon)
 x - a wand of acid (27)
   (You found it on level 2 of the Lair of Beasts)
 V - a wand of mindburst (30)
   (You found it in a Gauntlet)
 Y - a wand of polymorph (31)
   (You found it on level 1 of the Lair of Beasts)
Scrolls
 j - 27 scrolls of teleportation {@r4}
 l - 2 scrolls of vulnerability {!r}
 n - 10 scrolls of fear
 o - a scroll of enchant armour
 r - 3 scrolls of enchant weapon
 y - 8 scrolls of blinking
 B - 11 scrolls of immolation {!r}
 F - 44 scrolls of identify {@r1}
 I - 9 scrolls of fog
 U - 3 scrolls of silence
Potions
 c - 18 potions of curing {@q1}
 f - 15 potions of attraction {!q}
 g - 7 potions of heal wounds {@q2}
 k - 2 potions of mutation {!q}
 m - 13 potions of magic
 w - 8 potions of flight
 C - 11 potions of ambrosia
 K - 7 potions of resistance
 M - 4 potions of might
 N - 7 potions of cancellation
 O - 2 potions of haste {@q3}
 Z - 5 potions of invisibility


   Skills:
 O Level 27 Fighting
 - Level 18.0 Axes
 O Level 27 Armour
 O Level 27 Shields
 - Level 5.0 Spellcasting
 - Level 7.0 Translocations
 + Level 19.7 Evocations


You had 31 spell levels left.
You knew the following spells:

 Your Spells              Type           Power      Damage    Failure   Level
b - Blink                 Tloc           16%        N/A       7%          2

Your spell library contained the following spells:

 Spells                   Type           Power      Damage    Failure   Level
 Apportation              Tloc           16%        N/A       4%          1
 Gell's Gravitas          Tloc           8%         N/A       16%         3
 Lesser Beckoning         Tloc           8%         N/A       16%         3
 Teleport Other           Tloc           8%         N/A       16%         3
 Portal Projectile        Hex/Tloc       10%        N/A       54%         3
 Foxfire                  Conj/Fire      4%         2x1d4     67%         1
 Freeze                   Ice            4%         1d3       67%         1
 Magic Dart               Conj           4%         1d3       67%         1
 Pain                     Necr           4%         1d4       67%         1
 Shock                    Conj/Air       4%         1d3       67%         1
 Corpse Rot               Necr/Air       2%         N/A       82%         2
 Ensorcelled Hibernation  Hex/Ice        2%         N/A       82%         2
 Scorch                   Fire           2%         2d5       82%         2
 Static Discharge         Conj/Air       1%         N/A       82%         2
 Sublimation of Blood     Necr           1%         N/A       82%         2
 Manifold Assault         Tloc           8%         N/A       83%         5
 Iskenderun's Mystic Bla  Conj/Tloc      5%         2d3       92%         4
 Confusing Touch          Hex            1%         N/A       96%         3
 Conjure Flame            Conj/Fire      1%         6-21      96%         3
 Dazzling Flash           Conj/Hex       2%         N/A       96%         3
 Frozen Ramparts          Ice            2%         1d2       96%         3
 Inner Flame              Hex/Fire       1%         N/A       96%         3
 Mephitic Cloud           Conj/Pois/Air  1%         N/A       96%         3
 Ozocubu's Armour         Ice            1%         N/A       96%         3
 Spider Form              Tmut/Pois      1%         N/A       96%         3
 Swiftness                Air            1%         N/A       96%         3
 Airstrike                Air            0%         N/A       100%        4
 Anguish                  Hex/Necr       0%         N/A       100%        4
 Cause Fear               Hex            0%         N/A       100%        4
 Dispel Undead            Necr           1%         3d6       100%        4
 Flame Wave               Conj/Fire      1%         2d4       100%        4
 Hailstorm                Conj/Ice       1%         3d3       100%        4
 Ice Form                 Ice/Tmut       1%         N/A       100%        4
 Leda's Liquefaction      Hex/Erth       0%         N/A       100%        4
 Olgreb's Toxic Radiance  Pois           1%         N/A       100%        4
 Petrify                  Tmut/Erth      1%         N/A       100%        4
 Sticky Flame             Conj/Fire      1%         2d3       100%        4
 Agony                    Necr           1%         N/A       100%        5
 Alistair's Intoxication  Tmut/Pois      0%         N/A       100%        5
 Borgnjor's Vile Clutch   Necr/Erth      0%         N/A       100%        5
 Excruciating Wounds      Necr           0%         N/A       100%        5
 Fireball                 Conj/Fire      0%         3d3       100%        5
 Freezing Cloud           Conj/Ice/Air   0%         6-21      100%        5
 Irradiate                Conj/Tmut      0%         3d13      100%        5
 Iskenderun's Battlesphe  Conj           1%         2d6       100%        5
 Lee's Rapid Deconstruct  Erth           0%         3d5*      100%        5
 Yara's Violent Unravell  Hex/Tmut       0%         3d3       100%        5
 Conjure Ball Lightning   Conj/Air       0%         3x3d6     100%        6
 Dispersal                Tloc           4%         N/A       100%        6
 Eringya's Noxious Bog    Tmut/Pois      0%         N/A       100%        6
 Starburst                Conj/Fire      0%         6d3       100%        6
 Statue Form              Tmut/Erth      0%         N/A       100%        6
 Enfeeble                 Hex            0%         N/A       100%        7
 Orb of Destruction       Conj           0%         9d5       100%        7
 Ozocubu's Refrigeration  Ice            0%         4d5       100%        7
 Storm Form               Tmut/Air       0%         N/A       100%        7
 Borgnjor's Revivificati  Necr           0%         N/A       100%        8
 Discord                  Hex            0%         N/A       100%        8
 Disjunction              Tloc           4%         N/A       100%        8
 Necromutation            Tmut/Necr      0%         N/A       100%        8
 Death's Door             Necr           0%         N/A       100%        9
 Polar Vortex             Ice            0%         N/A       100%        9
 Animate Skeleton         Necr           Unusable   N/A       N/A         1
 Summon Small Mammal      Summ           Unusable   N/A       N/A         1
 Call Imp                 Summ           Unusable   N/A       N/A         2
 Call Canine Familiar     Summ           Unusable   N/A       N/A         3
 Tukima's Dance           Hex            Unusable   N/A       N/A         3
 Summon Ice Beast         Ice/Summ       Unusable   N/A       N/A         4
 Simulacrum               Ice/Necr       Unusable   N/A       N/A         6
 Summon Cactus Giant      Summ           Unusable   N/A       N/A         6
 Malign Gateway           Summ/Tloc      Unusable   N/A       N/A         7

Dungeon Overview and Level Annotations

Branches:
Dungeon (15/15)            Temple (1/1) D:5            Lair (6/6) D:11
  Swamp (4/4) Lair:3       Spider (4/4) Lair:2        Slime (0/5) Lair:5
    Orc (2/2) D:12            Elf (3/3) Orc:2        Vaults (5/5) D:14
  Crypt (0/3) Vaults:3     Depths (4/4) D:15            Zot (5/5) Depths:4
Ossuary (visited)          Bailey (visited)         Desolation (visited)
Gauntlet (visited)

Altars:
Ashenzari
Cheibriados
Dithmenos
Elyvilon
Fedhas
Gozag
Hepliaklqana
Kikubaaqudgha
Makhleb
Nemelex Xobeh
Okawaru
Qazlal
Ru
Sif Muna
Trog
Uskayaw
Vehumet
Wu Jian
Xom
Yredelemnul
Zin
The Shining One
Beogh
Jiyva

Shops:
D:11 ?   D:15 :   Orc:2 (=([*   Vaults:3 ?   Vaults:4 [   Depths:3 ::=
Depths:4 (

Portals:
Hell: Depths:1 Depths:2 Depths:3 Depths:4
Abyss: Depths:1 Depths:3
Pandemonium: Depths:2
Ziggurat: Depths:1

Annotations:
D:10 exclusion: obsidian statue
D:13 2 transporters, Bnni's ghost, journeyman OpFi
D:14 4 runed translucent doors, Ubbem's ghost, journeyman TrMo
Lair:1 3 runed translucent doors, NigelTetley's ghost, journeyman DrTm
Lair:5 exclusion: 4 oklob plants


Innate Abilities, Weirdness & Mutations

You have a pair of horns on your head.
You sometimes lose the ability to read scrolls when taking damage.
You are hated by all.
You cannot train Dodging skill.
You are somewhat inexperienced. (-2 XL)
You are missing an eye, making it more difficult to aim.
You reflexively headbutt those who attack you in melee.
You have sharp toenails.
You are clumsy. (Dex -2)
Your body sometimes deteriorates upon taking damage.
You are dopey. (Int -2)
You are frail. (-10% HP)
Your magical capacity is low. (-10% MP)
You occasionally shout uncontrollably at your foes.
You are very weak. (Str -4)
Your spells are a little easier to cast, but a little less powerful.


Message History

* * * LOW HITPOINT WARNING * * *
You completely miss Coxyshe. Your headbutt misses Coxyshe.
You hit the sun demon. You block Coxyshe's attack.
The sun demon hits you but does no damage.
You miss Coxyshe. Your headbutt misses Coxyshe. You slice the sun demon!!
You slash the iron imp! Coxyshe hits you but does no damage.
The iron imp hits you but does no damage.
You completely miss Coxyshe. Your headbutt misses Coxyshe.
You slash the sun demon! You hit the iron imp.
You kill the iron imp!
You block Coxyshe's attack. You block the sun demon's attack.
You closely miss Coxyshe. Your headbutt misses Coxyshe.
You slash the sun demon! Coxyshe hits you!
* * * LOW HITPOINT WARNING * * *
You block the sun demon's attack.
A reaper comes into view.
It is wielding a +2 scythe of protection.
You slice Coxyshe!! You miss the sun demon.
You can read scrolls again.
You block Coxyshe's attack.
The sun demon hits you but does no damage.
You block Coxyshe's attack.
You completely miss Coxyshe. Your headbutt misses Coxyshe.
You slash the sun demon!
The sun demon hits you but does no damage.
You block Coxyshe's attack.
You completely miss Coxyshe. Your headbutt misses Coxyshe.
You miss the sun demon. Coxyshe hits you!!
* * * LOW HITPOINT WARNING * * *
Space warps horribly around you!
You feel threatened and lose the ability to read scrolls!
* * * LOW HITPOINT WARNING * * *
You are restored by drawing out deep reserves of power within.
You feel drained. You block the sun demon's attack. Coxyshe hits you!!
* * * LOW HITPOINT WARNING * * *
Space warps around you.
* * * LOW HITPOINT WARNING * * *
You redirect the sun demon's attack!
The sun demon hits itself!
The sun demon dies!
You miss Coxyshe. Your headbutt misses Coxyshe. You block Coxyshe's attack.
You closely miss Coxyshe. Coxyshe hits you!
* * * LOW HITPOINT WARNING * * *
Space warps around you.
* * * LOW HITPOINT WARNING * * *
You miss Coxyshe. Your headbutt misses Coxyshe. Coxyshe hits you.
* * * LOW HITPOINT WARNING * * *
Space warps around you.
* * * LOW HITPOINT WARNING * * *
You block the reaper's attack. Coxyshe hits you!!
You die...

.............## #..............
##############▓▓▓▓########.######
#####.# #.##......+..# #..# ##
+.....###..'......##.# #.## #.
###.......##..)...##.# #.# #.
####'#######......##.####'######'
##.....# #.<2..###.#..^........
#.....# #.<..&###.#...........
#.....# #....@'...#.≈≈≈≈≈≈)...
##...).# #.....#...')≈≈≈≈≈≈?...
.'.....# #.....#.###.≈≈≈≈≈≈≈...
##.....# #.....#.# #.≈≈≈≈≈≈≈...
#.....# #.....#.# #.≈≈≈≈≈≈≈...
#.....# #.....#.# #.≈≈≈≈≈≈≈..⌠
#.....# #..<..#.###...........
####### #######.##......##'##.
#.##^.....##.##.


You could see Coxyshe and a reaper.

Vanquished Creatures
  6 dread liches
  5 ancient liches
  8 orbs of fire
  Mara (Depths:2)
  A juggernaut (Depths:3)
  3 Killer Klowns
  Bai Suzhen (Depths:2)
  A caustic shrike (Depths:3)
  7 curse toes
  7 golden dragons
  A profane servitor (Zot:5)
  Arachne (Spider:4)
  2 electric golems (Zot:5)
  A Tzitzimitl (Zot:5)
  Jorgrun (Elf:1)
  A walking earthen tome (Depths:3)
  24 Orb Guardians (Zot:5)
  16 tentacled monstrosities
  2 deep elf master archers (Elf:3)
  Asterion (Depths:2)
  A lich (Depths:2)
  6 quicksilver dragons
  4 deep elf blademasters
  4 titans
  6 sphinxes
  10 death cobs
  A tentacled starspawn (Abyss:2)
  Kirke (D:11)
  Gastronok (D:8)
  Agnes (Elf:1)
  4 thorn hunters (Swamp:4)
  10 shadow dragons
  17 storm dragons
  3 tengu reavers
  6 draconian monks
  A revenant (Vaults:3)
  A fenstrider witch (Swamp:4)
  9 draconian knights
  6 fire giants
  9 frost giants
  2 iron dragons
  9 emperor scorpions
  3 imperial myrmidons (Desolation)
  Louise (Spider:4)
  6 deep elf sorcerers
  19 vault wardens
  2 orc warlords
  7 deep elf elementalists (Elf:3)
  2 draconian scorchers
  A caustic shrike zombie (Depths:3)
  13 ghost moths
  17 ironbound preservers
  9 draconian shifters
  21 very ugly things
  3 draconian annihilators
  The ghost of Rapnuew the Grappler, a journeyman DrTm of Ru (Orc:1)
  6 draconian stormcallers
  2 angels (Elf:2)
  A broodmother (Spider:4)
  15 stone giants
  10 ironbound thunderhulks
  Nessos (D:14)
  A reaper (Depths:4)
  4 vampire knights
  11 deep elf demonologists
  11 green draconians
  12 dire elephants
  15 red draconians
  3 eleionomae
  Azrael (Orc:2)
  9 spark wasps
  15 white draconians
  A bunyip (shapeshifter) (Vaults:5)
  13 purple draconians
  11 yellow draconians
  7 black draconians
  A halazid warlock (Desolation)
  3 bunyips
  7 entropy weavers
  12 deep elf annihilators
  A minotaur (Gauntlet)
  7 ettins
  A blizzard demon (Depths:4)
  2 crystal guardians (Vaults:2)
  2 jiangshi (Depths:2)
  A green death (Zot:5)
  7 fire dragons
  11 deep elf death magi
  2 ragged hierophants (Desolation)
  5 great orbs of eyes
  3 shambling mangroves (Swamp:4)
  11 yaktaur captains
  27 vault guards
  8 deep elf high priests
  5 ice dragons
  3 rakshasas
  4 servants of whispers (Desolation)
  2 peacekeepers
  19 hydras
  7 ironbound frosthearts
  7 boulder beetles
  A radroach (Spider:4)
  2 ghost crabs
  6 spriggan air magi
  A catoblepas (Lair:6)
  2 ogre magi
  A hell beast (Depths:2)
  6 alligators
  17 two-headed ogres
  31 dancing weapons
  7 tengu warriors
  13 death yaks
  19 centaur warriors
  3 deep troll earth magi (Depths:4)
  A hell hog (Depths:2)
  4 deep troll shamans
  A vampire mage (Depths:2)
  4 spriggan berserkers
  6 hell knights
  Urug (D:14)
  2 sixfirhies (Gauntlet)
  4 orc high priests
  2 shock serpents (shapeshifter)
  12 deep elf knights
  A soul eater (Depths:2)
  Lodul (D:11)
  5 skeletal warriors
  6 spriggan druids
  A goliath frog (Swamp:4)
  5 iron trolls
  A salamander mystic (Depths:2)
  A pharaoh ant (Spider:1)
  5 steelbarb worms
  42 deep trolls
  A death drake (shapeshifter) (Vaults:4)
  4 orb spiders
  2 flayed ghosts
  A shadow demon (Depths:2)
  A spectral hydra (Swamp:4)
  7 wizards
  8 swamp dragons
  2 glowing orange brains
  2 bog bodies (Swamp:3)
  25 ironbound convokers
  4 necromancers
  13 phantasmal warriors
  6 harpies
  19 deep elf zephyrmancers
  8 orc knights
  10 lindwurms
  A sphinx zombie (Depths:3)
  12 deep elf archers
  A stone giant zombie (Depths:1)
  2 shining eyes (shapeshifter)
  3 orc sorcerers (Orc:2)
  3 oklob plants (Swamp:4)
  16 deep elf pyromancers
  20 wolf spiders
  40 ugly things
  3 salamanders (Depths:2)
  A sphinx skeleton (Depths:3)
  3 manticores
  A black mamba (shapeshifter) (Vaults:5)
  26 moths of wrath
  8 elephants
  3 guardian serpents (Desolation)
  6 black mambas
  7 cyclopes
  A cane toad (shapeshifter) (D:14)
  A smoke demon (Depths:2)
  22 vault sentinels
  12 cane toads
  9 apocalypse crabs (Zot:2)
  Maggie (D:7)
  An orange demon (Depths:2)
  2 unseen horrors
  5 torpor snails
  2 efreet
  44 yaktaurs
  9 komodo dragons
  A spark wasp simulacrum (Depths:3)
  8 demonic crawlers
  2 kobold demonologists (D:13)
  5 freezing wraiths
  A tengu conjurer (Depths:2)
  4 hydra zombies (Swamp:4)
  A red devil (Depths:2)
  A queen bee (D:11)
  3 polar bears
  11 trolls
  A yaktaur skeleton (Vaults:3)
  9 meliai
  A troll (shapeshifter) (D:14)
  A tarantella (shapeshifter) (Elf:3)
  A queen bee (shapeshifter) (D:14)
  8 tyrant leeches
  A wolf spider simulacrum (D:14)
  A sphinx simulacrum (Vaults:4)
  20 slime creatures
  21 saltlings (Desolation)
  33 tarantellas
  A death drake skeleton (Swamp:4)
  9 blink frogs
  15 hornets
  A slime creature (shapeshifter) (Vaults:2)
  8 dream sheep
  A wind drake (shapeshifter) (Vaults:5)
  A frost giant simulacrum (Depths:1)
  3 centaur simulacra (D:12)
  A dream sheep (shapeshifter) (Depths:3)
  A human simulacrum (Vaults:4)
  28 jumping spiders
  3 water elementals
  14 culicivoras
  15 spriggans
  The ghost of Camille the Skirmisher, an amateur HOFi of Uskayaw (D:4)
  A vampire (D:10)
  2 air elementals
  A human (shapeshifter) (Vaults:5)
  A yak (shapeshifter) (Elf:3)
  2 wraiths
  5 wyverns
  2 ynoxinuls (Depths:2)
  An elf simulacrum (Vaults:3)
  15 humans
  46 yaks
  A basilisk (shapeshifter) (Elf:3)
  3 basilisks
  3 fire elementals
  A hog (D:12)
  A golden eye (shapeshifter) (Vaults:5)
  76 redbacks
  4 steam dragons
  8 vampire mosquitoes
  7 wargs
  3 large abominations
  3 acid dragons
  A tengu zombie (Depths:1)
  18 swamp worms
  14 water moccasins
  5 hydra simulacra (Swamp:4)
  2 hell hounds (Orc:2)
  An ogre zombie (Vaults:3)
  Duvessa (D:6)
  A floating eye (shapeshifter) (Elf:3)
  38 orc warriors
  7 swamp drakes
  11 ice beasts
  A sky beast (shapeshifter) (Elf:3)
  A black bear (D:6)
  3 boggarts (Vaults:1)
  12 ogres
  A swamp dragon zombie (Swamp:4)
  A human skeleton (Vaults:3)
  The ghost of NigelTetley the Ruffian, an amateur DrTm (D:3)
  20 wolves
  9 centaurs
  2 phantoms
  2 kobold brigands
  20 bullfrogs
  A necrophage (D:6)
  4 elf zombies (Elf:1)
  A gnoll sergeant (D:8)
  3 scorpions
  2 two-headed ogre simulacra (D:12)
  An earth elemental (Elf:3)
  Dowan (D:6)
  23 killer bees
  An electric eel (D:10)
  2 howler monkeys
  A crimson imp (D:3)
  A human zombie (Ossuary)
  2 centaur zombies
  2 gnoll shamans
  5 hounds
  20 orc priests
  2 jellies
  An iron imp (Zot:5)
  A bullfrog skeleton (D:3)
  7 iguanas
  28 orc wizards
  3 spriggan simulacra (D:12)
  A killer bee zombie (D:3)
  2 troll simulacra (D:12)
  A wolf simulacrum (D:12)
  3 mummies
  16 gnolls
  8 adders
  2 shadow imps
  5 white imps
  9 dart slugs
  78 orcs
  4 ball pythons
  5 bats
  9 endoplasms
  5 giant cockroaches
  A gnoll zombie (Ossuary)
  11 goblins
  10 hobgoblins
  10 jackals
  4 quokkas
  3 frilled lizards
  2 goblin skeletons (D:3)
  5 goblin zombies
  5 hobgoblin zombies
  19 kobolds
  A kobold skeleton (D:3)
  An orc skeleton (D:3)
  5 orc zombies
  3 rats (D:1)
  25 briar patches (Swamp:4)
2165 creatures vanquished.

Vanquished Creatures (others)
  A golden dragon (Zot:3)
  A tentacled monstrosity (Zot:5)
  An Orb Guardian (Zot:5)
  A quicksilver dragon (Vaults:5)
  2 death cobs
  A storm dragon (Zot:4)
  A shadow dragon (Vaults:5)
  A draconian knight (Zot:3)
  A frost giant (Depths:3)
  A vault warden (Vaults:4)
  A spriggan defender (Depths:3)
  A war gargoyle (Vaults:5)
  A very ugly thing (Depths:4)
  A purple draconian (Zot:5)
  A white draconian (Zot:3)
  A black draconian (Zot:3)
  A yellow draconian (Zot:3)
  A dire elephant (Vaults:1)
  A hell beast (Depths:4)
  A hydra (Lair:5)
  A hydra (shapeshifter) (Vaults:5)
  A two-headed ogre (D:14)
  3 dancing weapons
  A sun demon (Zot:5)
  A skeletal warrior (D:15)
  A deep elf knight (Elf:2)
  A goliath frog (Swamp:2)
  A spriggan druid (Swamp:4)
  A deep troll (Depths:2)
  An ironbound convoker (Vaults:1)
  A phantasmal warrior (Swamp:4)
  A deep elf archer (Elf:1)
  A necromancer (Depths:3)
  An ugly thing (Vaults:1)
  A wolf spider (Spider:4)
  3 moths of wrath
  A black mamba (Lair:6)
  A vault sentinel (Vaults:4)
  A yaktaur (Vaults:1)
  An efreet (D:15)
  A freezing wraith (Vaults:5)
  A wolf spider simulacrum (D:14)
  3 hornets
  A slime creature (Vaults:4)
  4 humans
  3 swamp worms
  2 water moccasins
  A human skeleton (Depths:3)
  An ogre (Orc:1)
  A centaur (D:13)
  An earth elemental (Elf:3)
  An orc (Orc:2)
  8 briar patches (Swamp:4)
  30 fungi
  63 plants
  A withered plant (D:9)
167 creatures vanquished.

Grand Total: 2332 creatures vanquished

Notes
Turn   | Place    | Note
-------+----------+-------------------------------------------
     0 | D:1      | DavidChitty2 the Minotaur Fighter began the quest for the
                  | Orb.
     0 | D:1      | Reached XP level 1. HP: 19/19 MP: 0/0
   110 | D:1      | Found a faded altar of an unknown god.
   110 | D:1      | Noticed a Hell Sentinel
   171 | D:1      | Reached XP level 2. HP: 18/27 MP: 1/1
   763 | D:1      | Reached XP level 3. HP: 33/33 MP: 2/2
  1157 | D:2      | Reached XP level 4. HP: 38/40 MP: 3/3
  1305 | D:2      | Noticed a phantom
  1314 | D:2      | Killed a phantom
  1315 | D:2      | Reached XP level 5. HP: 46/47 MP: 4/4
  1455 | D:2      | Found a basalt altar of Yredelemnul.
  1752 | D:3      | Found a glowing golden altar of the Shining One.
  1856 | D:3      | Reached skill level 5 in Axes
  2115 | D:3      | Found a white marble altar of Elyvilon.
  2141 | D:3      | Found a transporter.
  2144 | D:3      | Noticed NigelTetley's ghost (amateur DrTm)
  2169 | D:3      | Reached XP level 6. HP: 54/55 MP: 5/5
  2513 | D:4      | Found a sacrificial altar of Ru.
  2522 | D:4      | Reached skill level 5 in Shields
  2693 | D:4      | Found a runed translucent door.
  2716 | D:4      | Reached skill level 5 in Armour
  2751 | D:4      | Found a sparkling altar of Nemelex Xobeh.
  2781 | D:4      | Reached skill level 5 in Fighting
  3486 | D:4      | Noticed Camille's ghost (amateur HOFi)
  3522 | D:5      | Entered Level 5 of the Dungeon
  3722 | D:5      | Reached XP level 7. HP: 61/61 MP: 6/6
  3815 | D:5      | Found a staircase to the Ecumenical Temple.
  3822 | Temple   | Entered the Ecumenical Temple
  4021 | D:4      | Became a worshipper of Ru the Awakened
  4638 | D:6      | Found a shimmering blue altar of Sif Muna.
  4723 | D:6      | Noticed a yak
  4723 | D:6      | Noticed a yak
  4723 | D:6      | Noticed a yak
  4734 | D:6      | Noticed a yak
  4736 | D:6      | Noticed a yak
  4737 | D:6      | Killed a yak
  4738 | D:6      | Noticed a yak
  4741 | D:6      | Killed a yak
  4742 | D:6      | Reached XP level 8. HP: 39/70 MP: 7/7
  5058 | D:6      | Noticed Dowan
  5059 | D:6      | Noticed Duvessa
  5067 | D:6      | Killed Duvessa
  5074 | D:6      | Killed Dowan
  5249 | D:6      | Reached XP level 9. HP: 34/79 MP: 8/8
  5755 | D:6      | Killed an unseen horror
  6601 | D:7      | Reached skill level 10 in Axes
  6620 | D:7      | Gained mutation: You cannot train Dodging skill. [Ru
                  | sacrifice]
  6620 | D:7      | Reached * piety under Ru
  6837 | D:7      | Noticed Maggie
  6845 | D:7      | Killed Maggie
  7093 | D:7      | Noticed a troll
  7103 | D:7      | Killed a troll
  7105 | D:7      | Reached XP level 10. HP: 20/90 MP: 9/9
  8139 | D:8      | Found a sand-covered staircase.
  8147 | Ossuary  | Entered an ossuary
  8953 | D:8      | Noticed Gastronok
  8968 | D:8      | Killed Gastronok
  9079 | D:8      | Gained mutation: You sometimes lose the ability to read
                  | scrolls when taking damage. [Ru sacrifice]
  9079 | D:8      | Reached ** piety under Ru
  9336 | D:8      | Found a stormy altar of Qazlal.
  9876 | D:9      | Found an ancient bone altar of Kikubaaqudgha.
 10092 | D:9      | Found a bloodstained altar of Trog.
 10176 | D:9      | Noticed a two-headed ogre
 10185 | D:9      | Killed a two-headed ogre
 10186 | D:9      | Reached XP level 11. HP: 69/99 MP: 10/10
 10399 | D:9      | You fall into a shaft and drop 2 floors!
 10428 | D:11     | Noticed a two-headed ogre
 10435 | D:11     | Killed a two-headed ogre
 10436 | D:11     | Reached skill level 10 in Fighting
 10436 | D:11     | Reached skill level 10 in Armour
 10436 | D:11     | Reached skill level 10 in Shields
 10449 | D:10     | Entered Level 10 of the Dungeon
 10449 | D:10     | Noticed an obsidian statue
 10454 | D:10     | Noticed a soul eater
 10911 | D:10     | Found a flagged portal.
 10919 | Bailey   | Entered a bailey
 11075 | Bailey   | Noticed a two-headed ogre
 11223 | Bailey   | Killed a two-headed ogre
 11825 | D:10     | Found an opulent altar of Gozag.
 11969 | D:10     | Gained mutation: You are somewhat inexperienced. (-2 XL)
                  | [Ru sacrifice]
 11969 | D:10     | Reached XP level 10. HP: 94/94 MP: 9/9
 11969 | D:10     | Reached XP level 9. HP: 86/86 MP: 8/8
 11969 | D:10     | Reached *** piety under Ru
 11969 | D:10     | Reached **** piety under Ru
 11993 | D:10     | Found a burning altar of Makhleb.
 12093 | D:10     | Noticed a two-headed ogre
 12102 | D:10     | Killed a two-headed ogre
 12179 | D:10     | Found a shimmering altar of Xom.
 12180 | D:10     | Found a hazy altar of Hepliaklqana.
 12518 | D:10     | Found an iron altar of Okawaru.
 12863 | D:4      | Killed Camille's ghost
 13333 | D:3      | Killed NigelTetley's ghost
 13338 | D:3      | Found a transporter.
 13579 | D:11     | Noticed a two-headed ogre
 13599 | D:11     | Killed a two-headed ogre
 13680 | D:11     | Reached XP level 10. HP: 91/96 MP: 9/9
 13768 | D:11     | Reached skill level 15 in Axes
 13878 | D:11     | Noticed Lodul
 13886 | D:11     | Noticed a two-headed ogre
 13887 | D:11     | Noticed a two-headed ogre
 13894 | D:11     | Killed Lodul
 13900 | D:11     | Killed a two-headed ogre
 13900 | D:11     | Killed a two-headed ogre
 14130 | D:11     | Noticed a two-headed ogre
 14135 | D:11     | Killed a two-headed ogre
 14248 | D:11     | Found Qiare's Magic Scroll Shoppe.
 14376 | D:11     | Found a staircase to the Lair.
 14488 | D:11     | Noticed a two-headed ogre
 14498 | D:11     | Killed a two-headed ogre
 14591 | D:11     | Noticed a two-headed ogre
 14597 | D:11     | Killed a two-headed ogre
 14736 | D:12     | Found a frozen archway.
 14789 | D:12     | Found a gate leading to a gauntlet.
 14799 | Gauntlet | Entered a Gauntlet
 14799 | Gauntlet | Found a transporter.
 14799 | Gauntlet | Found a transporter.
 14963 | Gauntlet | Found a transporter.
 14963 | Gauntlet | Found a transporter.
 14970 | Gauntlet | Noticed a ghost crab
 14973 | Gauntlet | Found a transporter.
 14983 | Gauntlet | Found a transporter.
 14983 | Gauntlet | Found a transporter.
 15007 | Gauntlet | Found a transporter.
 15032 | Gauntlet | Found a transporter.
 15035 | Gauntlet | Found a transporter.
 15056 | Gauntlet | Found a transporter.
 15080 | Gauntlet | Found a transporter.
 15117 | Gauntlet | Found a transporter.
 15121 | Gauntlet | Noticed a death scarab
 15129 | Gauntlet | Noticed a death scarab
 15130 | Gauntlet | Gained mutation: You are missing an eye, making it more
                  | difficult to aim. [Ru sacrifice]
 15130 | Gauntlet | Reached ***** piety under Ru
 15233 | Gauntlet | Found a transporter.
 15249 | Gauntlet | Found a transporter.
 15260 | Gauntlet | Found a transporter.
 15402 | Gauntlet | Killed a ghost crab
 15419 | Gauntlet | Identified the ring "Wofrixetz" {rC+ rN+ Str+4 Int+6
                  | Stlth+}
 15481 | Gauntlet | Identified the ring of the Mantidfly {rC++ MP+9 Dex+6
                  | Slay-4}
 15592 | Gauntlet | Noticed a minotaur
 15613 | Gauntlet | Killed a minotaur
 16008 | D:12     | Reached XP level 11. HP: 105/105 MP: 10/10
 16240 | D:12     | Found a staircase to the Orcish Mines.
 16267 | D:12     | Identified the +7 war axe of Vengeance {flame, Contam rC++}
 16436 | D:12     | Noticed Kirke
 16728 | D:11     | Killed Kirke
 16987 | Lair:1   | Entered Level 1 of the Lair of Beasts
 17263 | Lair:1   | Found a runed translucent gate.
 17264 | Lair:1   | Found a runed translucent gate.
 17266 | Lair:1   | Found a runed translucent gate.
 17268 | Lair:1   | Noticed NigelTetley's ghost (journeyman DrTm)
 17269 | Lair:1   | Noticed a minotaur
 17949 | Lair:2   | Found a blossoming altar of Fedhas.
 18106 | Lair:2   | Found a hole to the Spider Nest.
 18865 | Lair:3   | Gained mutation: You are hated by all. [Ru sacrifice]
 18865 | Lair:3   | Reached ****** piety under Ru
 19484 | Lair:3   | Found a staircase to the Swamp.
 20490 | Lair:4   | Reached XP level 12. HP: 38/116 MP: 11/11
 20844 | Lair:5   | Found a dark tunnel.
 20961 | Lair:5   | Found a staircase to the Slime Pits.
 21992 | Lair:6   | Entered Level 6 of the Lair of Beasts
 23072 | Lair:6   | Reached skill level 15 in Armour
 23073 | Lair:6   | Reached skill level 15 in Fighting
 23073 | Lair:6   | Reached skill level 15 in Shields
 23636 | Lair:6   | Identified the +6 rapier "Last" {vorpal, Int+3 Dex+2}
 24144 | D:13     | Found a transporter.
 24146 | D:13     | Found a transporter.
 24146 | D:13     | Noticed Bnni's ghost (journeyman OpFi)
 24148 | D:13     | Identified the +8 great mace "Peupar" {drain, rN+ Int+4}
 24617 | D:14     | Found a runed translucent gate.
 24618 | D:14     | Found a runed translucent gate.
 24619 | D:14     | Found a runed translucent gate.
 24621 | D:14     | Noticed Ubbem's ghost (journeyman TrMo)
 24692 | D:14     | Found a runed translucent door.
 24701 | D:14     | Identified the ring of Pihewa {rPois rCorr}
 24702 | D:14     | Noticed a brown very ugly thing
 24703 | D:14     | Identified the +2 morningstar "Raisin" {elec, rPois rN+
                  | Dex+5}
 24742 | D:14     | Noticed Urug
 24748 | D:14     | Noticed Nessos
 24789 | D:14     | Killed Urug
 24803 | D:14     | Reached XP level 13. HP: 99/128 MP: 12/12
 24827 | D:14     | Killed Nessos
 24832 | D:14     | Found a gate to the Vaults.
 25100 | D:14     | Identified the +4 robe "Beptugi" {rN++ Str+3 Int-4}
 25103 | D:14     | Identified a scroll of acquirement
 25103 | D:14     | Acquired the +3 Mad Mage's Maulers {Infuse+∞ RegenMP Int-3}
 25103 | D:14     | Found the +3 Mad Mage's Maulers {Infuse+∞ RegenMP Int-3}
 26157 | D:15     | Entered Level 15 of the Dungeon
 26236 | D:15     | Identified the +3 leather armour of Foolhardiness {rCorr
                  | Int+3 Dex+3}
 26606 | D:15     | Noticed an emperor scorpion
 26619 | D:15     | Killed an emperor scorpion
 26714 | D:15     | Found a staircase to the Depths.
 26969 | D:15     | Identified the +3 scale mail of the Butterfly {rC- rCorr
                  | Str+3 Int+3}
 26986 | D:15     | Found Noirewk's Book Boutique.
 27249 | Swamp:1  | Entered Level 1 of the Swamp
 27669 | Swamp:1  | You fall into a shaft and drop 1 floor!
 28092 | Swamp:1  | Paralysed by a hornet for 2 turns
 29130 | Swamp:2  | Identified the +7 trident "Petaoss" {holy, rF+ Str+4 Int-3
                  | Dex+2 Stlth+}
 29781 | Swamp:2  | Identified the ring of Odygh {rElec rPois MP+9 EV+4}
 30246 | Swamp:3  | Reached XP level 14. HP: 110/144 MP: 13/13
 30571 | Swamp:3  | Found a sparkling altar of Nemelex Xobeh.
 30952 | Swamp:3  | Reached XP level 15. HP: 152/152 MP: 14/14
 30954 | Swamp:4  | Entered Level 4 of the Swamp
 31454 | Swamp:4  | Noticed a tentacled monstrosity
 31464 | Swamp:4  | Killed a tentacled monstrosity
 31485 | Swamp:4  | Paralysed by a hornet for 2 turns
 33587 | Swamp:4  | Got a decaying rune of Zot
 34035 | Orc:1    | Entered Level 1 of the Orcish Mines
 34162 | Orc:2    | Entered Level 2 of the Orcish Mines
 34289 | Orc:1    | Noticed Rapnuew's ghost (journeyman DrTm)
 34292 | Orc:1    | Found a bloodstained altar of Trog.
 34298 | Orc:1    | Found a transporter.
 34322 | Orc:1    | Found a transporter.
 34528 | Orc:1    | Killed Rapnuew's ghost
 35486 | Orc:2    | Found Qutsonac's Jewellery Boutique.
 35546 | Orc:2    | Found Cox Zuhi's Weapon Emporium.
 35596 | Orc:2    | Noticed Azrael
 35606 | Orc:2    | Killed Azrael
 35711 | Orc:2    | Found a staircase to the Elven Halls.
 35837 | Orc:2    | Found Jonu's Antique Weapon Boutique.
 35852 | Orc:2    | Found Abraudghy's General Store.
 35879 | Orc:2    | Paralysed by an orc sorcerer for 4 turns
 36039 | Orc:2    | Found Felior's Antique Armour Boutique.
 36045 | Orc:2    | Bought the +2 shield of Resistance {rF++ rC++ Will++} for
                  | 2206 gold pieces
 36045 | Orc:2    | Bought a pair of runed boots for 255 gold pieces
 36045 | Orc:2    | Found the +2 shield of Resistance {rF++ rC++ Will++}
 36353 | Vaults:1 | Entered Level 1 of the Vaults
 37169 | Vaults:1 | Reached XP level 16. HP: 153/165 MP: 15/15
 41557 | Vaults:3 | Reached XP level 17. HP: 164/178 MP: 16/16
 42109 | Vaults:3 | Found a staircase to the Crypt.
 42749 | Vaults:3 | Found Lumofy's Magic Scroll Shoppe.
 42757 | Vaults:3 | Bought a scroll of acquirement for 728 gold pieces
 42757 | Vaults:3 | Acquired the +0 pair of boots of Toothy Surprise {rF+ Will+
                  | Str+4}
 43744 | Vaults:4 | Found Rikonk's Armour Shop.
 44358 | Vaults:4 | Noticed an ancient lich
 44372 | Vaults:4 | Killed an ancient lich
 45192 | Vaults:4 | Reached XP level 18. HP: 192/192 MP: 17/17
 45802 | Elf:1    | Entered Level 1 of the Elven Halls
 45954 | Elf:1    | Found a flickering gateway to a bazaar.
 45963 | Bazaar   | Entered a bazaar
 45967 | Bazaar   | Found Tuefouj's Magic Scroll Emporium.
 45989 | Bazaar   | Found Nagun's Antique Weapon Boutique.
 46000 | Bazaar   | Found Huhabauz's General Store.
 46008 | Bazaar   | Found Siemeuka's Book Shoppe.
 46019 | Bazaar   | Found Dublik's Antique Armour Boutique.
 46056 | Bazaar   | Bought a scroll of enchant armour for 97 gold pieces
 46056 | Bazaar   | Bought a scroll of teleportation for 39 gold pieces
 46056 | Bazaar   | Bought a scroll of teleportation for 39 gold pieces
 46056 | Bazaar   | Bought a scroll of enchant armour for 97 gold pieces
 46090 | Bazaar   | Bought 2 potions of resistance for 140 gold pieces
 46656 | Elf:1    | Got the Collected Works on Black Rites
 46765 | Elf:1    | Noticed Agnes
 46774 | Elf:1    | Killed Agnes
 46895 | Elf:1    | Noticed Jorgrun
 46916 | Elf:1    | Killed Jorgrun
 47385 | Elf:2    | Found a runed translucent gate.
 47391 | Elf:2    | Found a runed translucent gate.
 47392 | Elf:2    | Found a runed translucent gate.
 47458 | Elf:2    | Found a gateway to a bazaar.
 47461 | Elf:2    | Found a radiant altar of Vehumet.
 47521 | Bazaar   | Entered a bazaar
 47707 | Bazaar   | Found Katzakyrgh's Assorted Antiques.
 47721 | Bazaar   | Found Kiqaevet's Book Boutique.
 47735 | Bazaar   | Found Lyotsaicou's Assorted Antiques.
 47763 | Bazaar   | Found Hoem's Assorted Antiques.
 47777 | Bazaar   | Found Kipn's Antique Weapon Boutique.
 47791 | Bazaar   | Found Uthompea's Antique Armour Shop.
 47850 | Bazaar   | Bought a faintly glowing broad axe for 324 gold pieces
 47850 | Bazaar   | Identified the +7 broad axe "Huacs" {holy, Int+3 SInv} (You
                  | bought it in a shop in a bazaar)
 47911 | Elf:2    | Found a white marble altar of Elyvilon.
 47911 | Elf:2    | Found a glowing golden altar of the Shining One.
 47911 | Elf:2    | Found a crumbling gateway.
 47926 | Elf:2    | Found a glowing silver altar of Zin.
 47960 | Desolati | Entered the Desolation of Salt
 48123 | Desolati | Identified the ring "Lenab" {rF+ rN+ AC+4 Int+2}
 49327 | Lair:2   | Gained mutation: Your spells are a little easier to cast,
                  | but a little less powerful. [mutagenic glow]
 49428 | Spider:1 | Entered Level 1 of the Spider Nest
 50518 | Spider:1 | Identified the +1 leather armour of Niaczet {Harm}
 51844 | Spider:3 | Reached XP level 19. HP: 191/205 MP: 18/18
 52897 | Spider:4 | Entered Level 4 of the Spider Nest
 53455 | Spider:4 | Noticed Louise
 53458 | Spider:4 | Reached skill level 27 in Fighting
 53506 | Spider:4 | Killed Louise
 53506 | Spider:4 | Noticed Arachne
 53965 | Spider:4 | Killed Arachne
 54524 | Spider:4 | Identified the +2 hat of the Ubiquitous God {rF+ Int-4
                  | Slay+2}
 54542 | Spider:4 | Got a gossamer rune of Zot
 54768 | Depths:1 | Entered Level 1 of the Depths
 54786 | Depths:1 | Reached skill level 27 in Armour
 54863 | Depths:1 | Found a gateway to Hell.
 55047 | Depths:1 | Reached skill level 1 in Evocations
 55054 | Depths:1 | Found a one-way gateway to a ziggurat.
 55330 | Depths:1 | Found a one-way gate to the infinite horrors of the Abyss.
 55455 | Depths:1 | Found a magical portal.
 55510 | Depths:1 | Found an opulent altar of Gozag.
 55513 | Depths:1 | Found an opulent altar of Gozag.
 55513 | Depths:1 | Found an opulent altar of Gozag.
 55526 | Depths:1 | Found an opulent altar of Gozag.
 55598 | Depths:1 | You fall into a shaft and drop 1 floor!
 55603 | Depths:2 | Noticed Mara
 56205 | Depths:2 | Noticed DavidChitty2's illusion
 56214 | Depths:2 | Noticed DavidChitty2's illusion
 56229 | Depths:2 | Noticed Bai Suzhen
 56235 | Depths:2 | Killed Mara
 56235 | Depths:2 | Noticed Asterion
 56572 | Depths:2 | Killed Bai Suzhen
 56584 | Depths:2 | Killed Asterion
 56609 | Depths:2 | Found a one-way gate leading to the halls of Pandemonium.
 57187 | Depths:2 | Upgraded the game from 0.29-a0-322-g68df515428 to
                  | 0.29-a0-330-g52719c12eb
 57521 | Depths:2 | Found an ornate altar of the Wu Jian Council.
 57746 | Depths:3 | Reached skill level 5 in Evocations
 58005 | Depths:3 | Noticed a golden dragon
 58009 | Depths:3 | Killed a golden dragon
 58009 | Depths:3 | Noticed a juggernaut
 58010 | Depths:3 | Reached XP level 20. HP: 215/216 MP: 19/19
 58024 | Depths:3 | Killed a juggernaut
 58029 | Depths:3 | Noticed a caustic shrike
 58035 | Depths:3 | Killed a caustic shrike
 58052 | Depths:3 | Gained mutation: You are frail. (-10% HP) [a shining eye]
 58620 | Depths:3 | Noticed a golden dragon
 58627 | Depths:3 | Killed a golden dragon
 58895 | Depths:3 | Found Geghug's Jewellery Boutique.
 58895 | Depths:3 | Found Noump's Book Emporium.
 58900 | Depths:3 | Found Guzokhar's Book Emporium.
 59017 | Depths:3 | Learned a level 2 spell: Blink
 59397 | Depths:4 | Entered Level 4 of the Depths
 59477 | Depths:4 | Identified the +1 hand axe "Umuohecoe" {vorpal, rPois rF-
                  | rC++ Stlth+}
 60341 | Depths:4 | Found a gate to the Realm of Zot.
 60444 | Depths:4 | Found Nema's Firing Range.
 60542 | Depths:4 | Reached skill level 1 in Translocations
 60998 | Vaults:4 | Reached skill level 1 in Spellcasting
 60998 | Vaults:4 | Reached XP level 21. HP: 201/201 MP: 22/22
 61010 | Vaults:5 | Entered Level 5 of the Vaults
 61107 | Vaults:5 | Noticed an ancient lich
 61194 | Vaults:5 | Killed an ancient lich
 61310 | Vaults:5 | Reached skill level 5 in Translocations
 61316 | Vaults:5 | Reached XP level 22. HP: 154/197 MP: 25/25
 61678 | Vaults:5 | Identified the +9 rapier of Felomi {drain, rElec rPois
                  | Dex+5}
 61724 | Vaults:5 | HP: 9/195 [frost giant/the +9 rapier of Felomi {drain,
                  | rElec rPois Dex+5} (4)]
 62174 | Vaults:5 | Got the Tome of Unholy Secrets and Contamination
 62664 | Vaults:5 | Found the +5 scythe "Finisher" {speed, eviscerate}
 62679 | Vaults:5 | Got a silver rune of Zot
 62734 | Vaults:5 | Identified the ring "Mish" {Ice Int+7 Dex-2 Stlth+}
 62804 | Vaults:5 | Identified the +3 flail of Courage {elec, rF+}
 63839 | Elf:3    | Entered Level 3 of the Elven Halls
 63843 | Elf:3    | Paralysed by an air elemental for 1 turns
 64097 | Elf:3    | Identified the +7 scimitar "Doiraw" {elec, rElec rCorr}
 64644 | Elf:3    | Identified the +1 robe "Sekihuep" {Will++ Dex-4}
 64652 | Elf:3    | Reached skill level 5 in Spellcasting
 65428 | Elf:3    | Got the Tome of Frigorific Weightlessness
 65432 | Elf:3    | Got the Tome of the Escort and the Voyage
 65800 | Zot:1    | Entered Level 1 of the Realm of Zot
 65904 | Zot:1    | Reached XP level 23. HP: 92/192 MP: 29/29
 66381 | Zot:1    | Reached skill level 27 in Shields
 67208 | Zot:2    | Found a huge runed gate.
 67209 | Zot:2    | Found a huge runed gate.
 67209 | Zot:2    | Found a huge runed gate.
 67209 | Zot:2    | Found a huge runed gate.
 67210 | Zot:2    | Found a huge runed gate.
 67210 | Zot:2    | Found a huge runed gate.
 67210 | Zot:2    | Found a huge runed gate.
 67211 | Zot:2    | Found a huge runed gate.
 67211 | Zot:2    | Found a huge runed gate.
 67212 | Zot:2    | Found a huge runed gate.
 67220 | Zot:2    | Found a huge runed gate.
 67220 | Zot:2    | Found a huge runed gate.
 67220 | Zot:2    | Found a huge runed gate.
 67220 | Zot:2    | Found a huge runed gate.
 67220 | Zot:2    | Found a huge runed gate.
 67220 | Zot:2    | Found a huge runed gate.
 67221 | Zot:2    | Found a huge runed gate.
 67222 | Zot:2    | Found a huge runed gate.
 67223 | Zot:2    | Found a huge runed gate.
 67235 | Zot:2    | Found a huge runed gate.
 67235 | Zot:2    | Found a huge runed gate.
 67235 | Zot:2    | Found a huge runed gate.
 67235 | Zot:2    | Found a huge runed gate.
 67235 | Zot:2    | Found a huge runed gate.
 67235 | Zot:2    | Found a huge runed gate.
 67236 | Zot:2    | Found a huge runed gate.
 67249 | Zot:2    | Found a huge runed gate.
 67250 | Zot:2    | Found a huge runed gate.
 67258 | Zot:2    | Found a huge runed gate.
 67258 | Zot:2    | Found a huge runed gate.
 67258 | Zot:2    | Found a huge runed gate.
 67258 | Zot:2    | Found a huge runed gate.
 67258 | Zot:2    | Found a huge runed gate.
 67258 | Zot:2    | Found a huge runed gate.
 67259 | Zot:2    | Found a huge runed gate.
 67260 | Zot:2    | Found a huge runed gate.
 68552 | Zot:2    | Noticed an orb of fire
 68552 | Zot:2    | Noticed a dread lich
 68552 | Zot:2    | Noticed an ancient lich
 68552 | Zot:2    | Noticed an ancient lich
 68552 | Zot:2    | Noticed a dread lich
 68552 | Zot:2    | Gained mutation: You are occasionally teleported next to
                  | monsters. [an orb of fire]
 68553 | Zot:2    | Noticed an ancient lich
 68553 | Zot:2    | Killed an ancient lich
 68554 | Zot:2    | Reached skill level 10 in Evocations
 68555 | Zot:2    | Noticed a Killer Klown
 68558 | Zot:2    | Killed a dread lich
 68564 | Zot:2    | Killed an ancient lich
 68568 | Zot:2    | Killed an orb of fire
 68578 | Zot:2    | Killed a dread lich
 68584 | Zot:2    | Killed a Killer Klown
 68592 | Zot:2    | Killed an ancient lich
 68596 | Zot:2    | Identified the +8 rapier of the Coward {vorpal, Will+
                  | rCorr}
 68832 | Zot:2    | Lost mutation: You are occasionally teleported next to
                  | monsters. [potion of mutation]
 68832 | Zot:2    | Lost mutation: Your spells are a little easier to cast, but
                  | a little less powerful. [potion of mutation]
 68832 | Zot:2    | Lost mutation: You are frail. (-10% HP) [potion of
                  | mutation]
 68832 | Zot:2    | Gained mutation: You are frail. (-10% HP) [potion of
                  | mutation]
 68832 | Zot:2    | Gained mutation: Your flesh is heat resistant. (rF+)
                  | [potion of mutation]
 69063 | Zot:3    | Cast into level 2 of the Abyss (purple draconian)
 69156 | Zot:3    | Escaped the Abyss
 69557 | Zot:3    | Noticed a Killer Klown
 69576 | Zot:3    | Killed a Killer Klown
 69772 | Zot:3    | Reached XP level 24. HP: 221/224 MP: 29/29
 70335 | Zot:4    | Reached skill level 15 in Evocations
 70705 | Zot:4    | Noticed an orb of fire
 70712 | Zot:4    | Gained mutation: Your magical capacity is low. (-10% MP)
                  | [an orb of fire]
 70714 | Zot:4    | Gained mutation: You are dopey. (Int -2) [an orb of fire]
 70714 | Zot:4    | Gained mutation: You tend to lose your temper in combat.
                  | [an orb of fire]
 70726 | Zot:4    | Gained mutation: You are very frail. (-20% HP) [an orb of
                  | fire]
 70730 | Zot:4    | Gained mutation: You are weak. (Str -2) [an orb of fire]
 70742 | Zot:4    | Gained mutation: You are partially covered in iridescent
                  | scales. (AC +2) [an orb of fire]
 70743 | Zot:4    | Gained mutation: You are very dopey. (Int -4) [an orb of
                  | fire]
 70746 | Zot:4    | Gained mutation: You are extremely frail. (-30% HP) [an orb
                  | of fire]
 70749 | Zot:4    | Killed an orb of fire
 70750 | Zot:4    | Lost mutation: You are partially covered in iridescent
                  | scales. (AC +2) [potion of mutation]
 70750 | Zot:4    | Lost mutation: You are very dopey. (Int -4) [potion of
                  | mutation]
 70750 | Zot:4    | Lost mutation: Your flesh is heat resistant. (rF+) [potion
                  | of mutation]
 70750 | Zot:4    | Gained mutation: You are clumsy. (Dex -2) [potion of
                  | mutation]
 70750 | Zot:4    | Gained mutation: You are very dopey. (Int -4) [potion of
                  | mutation]
 70750 | Zot:4    | Gained mutation: You are very clumsy. (Dex -4) [potion of
                  | mutation]
 70751 | Zot:4    | Lost mutation: You tend to lose your temper in combat.
                  | [potion of mutation]
 70751 | Zot:4    | Lost mutation: You are very dopey. (Int -4) [potion of
                  | mutation]
 70751 | Zot:4    | Gained mutation: You are very dopey. (Int -4) [potion of
                  | mutation]
 70752 | Zot:4    | Lost mutation: You are very clumsy. (Dex -4) [potion of
                  | mutation]
 70752 | Zot:4    | Lost mutation: You are extremely frail. (-30% HP) [potion
                  | of mutation]
 70752 | Zot:4    | Lost mutation: Your magical capacity is low. (-10% MP)
                  | [potion of mutation]
 70752 | Zot:4    | Gained mutation: You have sharp toenails. [potion of
                  | mutation]
 70753 | Zot:4    | Lost mutation: You are clumsy. (Dex -2) [potion of
                  | mutation]
 70753 | Zot:4    | Lost mutation: You are very dopey. (Int -4) [potion of
                  | mutation]
 70753 | Zot:4    | Gained mutation: You are very weak. (Str -4) [potion of
                  | mutation]
 70753 | Zot:4    | Lost mutation: You are very frail. (-20% HP) [potion of
                  | mutation]
 71350 | Zot:4    | Found the +7 captain's cutlass {speed, disarm}
 71746 | Zot:5    | Entered Level 5 of the Realm of Zot
 71891 | Zot:5    | Noticed an orb of fire
 71892 | Zot:5    | Gained mutation: You are clumsy. (Dex -2) [an orb of fire]
 71895 | Zot:5    | Gained mutation: Your spells are a little easier to cast,
                  | but a little less powerful. [an orb of fire]
 71905 | Zot:5    | Killed an orb of fire
 72681 | Zot:5    | Noticed a dread lich
 72703 | Zot:5    | Killed a dread lich
 73144 | Zot:5    | Noticed a dread lich
 73146 | Zot:5    | Noticed an orb of fire
 73160 | Zot:5    | Lost mutation: You are very weak. (Str -4) [an orb of fire]
 73164 | Zot:5    | Gained mutation: You occasionally shout uncontrollably at
                  | your foes. [an orb of fire]
 73174 | Zot:5    | Gained mutation: Your magical capacity is low. (-10% MP)
                  | [an orb of fire]
 73193 | Zot:5    | Gained mutation: Your body sometimes deteriorates upon
                  | taking damage. [an orb of fire]
 73196 | Zot:5    | Noticed a dread lich
 73200 | Zot:5    | Killed an orb of fire
 73213 | Zot:5    | Killed a dread lich
 73513 | Zot:5    | Noticed an orb of fire
 73540 | Zot:5    | Killed an orb of fire
 73957 | Zot:5    | Noticed an orb of fire
 73960 | Zot:5    | Noticed an orb of fire
 73965 | Zot:5    | Killed a dread lich
 73968 | Zot:5    | Noticed a dread lich
 73968 | Zot:5    | Noticed an orb of fire
 73981 | Zot:5    | Killed an orb of fire
 73982 | Zot:5    | Gained mutation: You are very weak. (Str -4) [an orb of
                  | fire]
 73986 | Zot:5    | Killed an orb of fire
 74021 | Zot:5    | Killed an orb of fire
 74468 | Zot:5    | Killed a dread lich
 75054 | Zot:5    | Got the Orb of Zot
 75132 | Zot:5    | Noticed Coxyshe the pandemonium lord
 75144 | Zot:5    | Mangled by Coxyshe the pandemonium lord

Illustrated notes

Levels and vault maps discovered:
D:1:      dpeg_arrival_round_b, layout_basic,
          dreamdust_ecumenical_altar_sealed_demon, minmay_misc_feat_alley
D:2:      layout_basic, basic_altar
D:3:      minmay_angry_zag, layout_rooms, nicolae_elyvilon_peaceful_grove,
          nicolae_tso_besieged_by_evil, gammafunk_ghost_mausoleum
D:4:      layout_cave_pods, nemelex_dance_club_becter,
          nicolae_ru_sacrificial_ziggurat, ebering_ghost_reflecting_pool,
          small_statue_intersection
D:5:      layout_rooms, minmay_temple_entry_overgrown, dk_noncrumbling_3,
          hangedman_abyss_or_decor_lesser_grid
D:6:      layout_gridville, marbit_many_paths, minmay_misc_feat_ornament,
          uniq_duvessa
D:7:      wander_river, layout_basic, minmay_bent, uniq_maggie
D:8:      layout_cave_pods, mainiacjoe_overflow_24_doors,
          nicolae_ossuary_entry_plus, hangedman_decor_peaks_small,
          uniq_gastronok
D:9:      layout_roguey, kiku_gazebo_garden_becter, trog_hazing_becter
D:10:     layout_roguey, regret_index_temple_of_mockery,
          okawaru_altar_gauntlet_db, lemuel_doored_altar, kennysheep_mini_moat,
          enter_bailey_2, dreamdust_princess_bridge,
          hangedman_decor_clover_reticule, minmay_protected_statue
D:11:     layout_roguey, grunt_lair_entry_orc_guard_hut, nicolae_stop_n_shop_2,
          minivault_7, uniq_lodul
D:12:     layout_basic, david_orc_2, gauntlet_entry_generic, serial_ice,
          serial_ice_c, serial_ice_j, serial_ice_e, serial_ice_m,
          portal_ice_cave_entry_ice_simulacra, uniq_kirke
D:13:     layout_cave_pools, gammafunk_ghost_smash
D:14:     layout_basic, david_vaults_3, gammafunk_ghost_hydra_chop,
          minmay_misc_feat_nine_boxes, minmay_st_funbox,
          minmay_fractal_squares_5
D:15:     hangedman_depths_entry_try_elsewhere_first, layout_basic,
          serial_shops, nicolae_lakefront_shop
Temple:   pf_slime_end_temple
Lair:1:   layout_cellular_growth, maelrawn_ghost_gauntlet_escape,
          grunt_megastairs_2, infiniplex_staircase_pool
Lair:2:   gammafunk_indiana_jones, layout_concentric_octagons,
          spider_nest_entry_webs, basic_altar
Lair:3:   layout_cave_shapes, palyth_hydra_swamp_entry, columned_hall_lemuel,
          nicolae_quartered_pool_medium, minmay_holes, serial_bayou_shore_b
Lair:4:   layout_hall_layers
Lair:5:   minmay_lair_oklob_chamber, layout_long_grid,
          dpeg_slime_entry_enclosed_altar, enter_volcano_4
Lair:6:   hangedman_lair_in_review, layout_cave_pods
Swamp:1:  layout_basic_swamp, evilmike_swamp_ruin_rubble_2, swamp_pool1,
          st_swamp_ruins_3
Swamp:2:  layout_basic_swamp, nicolae_swamp_fairy_circle, swamp_pool3,
          nicolae_swamp_hydra_murder_den
Swamp:3:  layout_basic_swamp, nicolae_swamp_godswood, swamp_pool5
Swamp:4:  byrel_swamp_growth_death_and_undeath, layout_basic_swamp,
          grunt_witch_cave
Spider:1: layout_spider_delve
Spider:2: layout_spider_delve, hangedman_spider_tarantella_strand
Spider:3: layout_spider_delve, guppyfry_spider_mini_2
Spider:4: grunt_spider_rune_circles, nicolae_spider_webs_and_nodes, uniq_louise,
          uniq_arachne
Orc:1:    layout_caves, gammafunk_ghost_wrathful_warriors
Orc:2:    grunt_orc_cross, layout_caves, basic_altar, serial_shops,
          nicolae_shop_bloodbath_and_beyond, uniq_azrael
Elf:1:    eino_elf_arrival_customs, layout_onion_city, serial_shops,
          bzr_firewalk, minmay_elf_necromancy, uniq_jorgrun, uniq_agnes
Elf:2:    nicolae_elf_blades_splatter_lattice [nicolae_blade_lattice],
          layout_onion_city, basic_altar, serial_shops, bzr_entry_customers,
          portal_desolation_entry_holy_temple
Elf:3:    nooodl_elf_gasket, layout_gridlike, nicolae_elf_shapeshifter_party
Vaults:1: v_misc_28, nicolae_vaults_border_crossing,
          hangedman_vaults_restitches, vaults_dpeg_hooks, v_alt_pattern_6,
          vaults_dpeg_spiral, grunt_vaults_funnel,
          ontoclasm_vaults_claustrophobia, hangedman_vaults_variations,
          vaults_dpeg_ring, ontoclasm_vaults_decontamination,
          layout_vaults_omnigrid
Vaults:2: dpeg_vaults_waves, vaults_room_pools, v_misc_2, v_misc_28,
          grunt_vaults_swirl, vaults_room_semicircle, vaults_room_boxed,
          nicolae_vaults_yaktaur_gun_rack, v_rooms_4,
          nicolae_vaults_ring_of_whatevers, nicolae_vaults_ring_of_whatevers,
          layout_vaults_omnicross
Vaults:3: v_misc_18, v_misc_28, nicolae_vaults_angled_halls,
          nicolae_vaults_big_ls, minmay_crypt_entry_simple_box, v_misc_15,
          ontoclasm_vaults_pinch, nicolae_vaults_little_squares_1,
          vaults_room_door_hall, vaults_mumra_hex, nicolae_vaults_quartermaster,
          ontoclasm_vaults_fault, v_misc_8, nicolae_vaults_specimen_jars,
          vaults_dpeg_encased_lava, layout_vaults_chaotic_city, serial_shops,
          shop
Vaults:4: nicolae_vaults_theta, nicolae_vaults_three_branches,
          vaults_standard_mumra_lines, v_misc_19, vaults_standard_mumra_x,
          nicolae_vaults_little_squares_5, st_spiral_rooms,
          hangedman_vaults_stream, v_rooms_3, vaults_room_fours,
          grunt_vaults_diagonal, serial_ice_h, ontoclasm_vaults_ligature,
          layout_vaults_maze_snakey, serial_shops, nicolae_shop_window_shopping
Vaults:5: serial_shops
Depths:1: nicolae_cairo_tiling_very_big, layout_honeycomb, enter_ziggurat_e,
          abyss_entry, hell_entry, mu_enter_wizlab_4, hex_medium,
          nicolae_gozag_conspicuous_consumption
Depths:2: kennysheep_big_flooded_room, layout_cave_pools, hellmouth_1,
          rand_demon_pan_entry_7, nicolae_wu_jian_immortal_techniques,
          uniq_mara, uniq_asterion, uniq_bai_suzhen
Depths:3: minmay_triangles_in_corner, layout_honeycomb, grunt_hell_entry_dis_mu,
          abyss_entry_crystal, hangedman_corner_corridor, minmay_shop_grove,
          infiniplex_staircase_zigzag_3
Depths:4: evilmike_zot_entry_hall, layout_gridlike,
          hangedman_abyss_or_decor_jellyfish_corner, grunt_mini_vestibule,
          nicolae_shop_firing_range
Zot:1:    layout_gridlike
Zot:2:    gammafunk_mikee_crab_dinner, layout_onion, door_vault
Zot:3:    kennysheep_ambush_hall, layout_twisted_circle
Zot:4:    layout_basic, st_small_dragon_hoard_3
Zot:5:    layout_gridlike

Skill      XL: |  1  2  3  4  5  6  7  8  9 10 11 12 13 14 15 16 17 18 19 20 21 22 23 24 |
---------------+-------------------------------------------------------------------------+-----
Axes           | 3 4 5 6 7 9 14 16 18 | 18.0
Armour         | 4 5 6 7 11 12 13 16 18 19 22 24 26 27 | 27.0
Shields        | 4 5 6 7 11 12 13 15 17 20 22 23 26 27 | 27.0
Fighting       | 4 5 6 7 11 12 13 16 18 19 20 22 24 26 27 | 27.0
Evocations     | 5 7 14 19 | 19.7
Translocations | 3 5 6 7 |  7.0
Spellcasting   | 1 3 5 |  5.0

Action                   |  1- 3 |  4- 6 |  7- 9 | 10-12 | 13-15 | 16-18 | 19-21 | 22-24 || total
-------------------------+-------+-------+-------+-------+-------+-------+-------+-------++-------
Melee: War axe           |    50 |   184 |   166 |   780 |   964 |  1286 |       |       ||  3430
       Headbutt          |     7 |    25 |    57 |   195 |   134 |   308 |   216 |   380 ||  1322
       Hand axe          |       |       |   134 |   286 |       |       |       |       ||   420
       Whip              |       |       |       |    27 |       |       |       |       ||    27
       Unarmed           |       |       |       |     3 |       |       |       |       ||     3
       Broad axe         |       |       |       |       |       |   309 |   923 |  1672 ||  2904
 Cast: Blink             |       |       |       |       |       |       |       |     9 ||     9
Invok: Sacrifice Nimblen |       |       |     1 |       |       |       |       |       ||     1
       Sacrifice Experie |       |       |     1 |       |       |       |       |       ||     1
       Sacrifice Words   |       |       |       |     1 |       |       |       |       ||     1
       Sacrifice an Eye  |       |       |       |     1 |       |       |       |       ||     1
       Sacrifice Love    |       |       |       |     1 |       |       |       |       ||     1
       Apocalypse        |       |       |       |       |     4 |     5 |     6 |     8 ||    23
       Power Leap        |       |       |       |       |       |       |     1 |       ||     1
       Draw Out Power    |       |       |       |       |       |       |       |     3 ||     3
Evoke: Wand              |       |       |       |       |       |       |     2 |       ||     2
  Use: Scroll            |       |    12 |     2 |    19 |     3 |     3 |     9 |    15 ||    63
       Potion            |       |       |     5 |     2 |     4 |     1 |     6 |    11 ||    29
 Stab: Confused          |       |       |     1 |       |     3 |       |       |     1 ||     5
       Distracted        |       |       |       |     4 |     4 |     6 |     4 |     5 ||    23
       Invisible         |       |       |       |     2 |    12 |     5 |     7 |    12 ||    38
       Paralysed         |       |       |       |     5 |     5 |     6 |    10 |     8 ||    34
       Petrifying        |       |       |       |       |       |       |     3 |       ||     3
Armor: Scale mail        |    35 |    11 |       |       |       |       |       |       ||    46
       Plate armour      |       |   137 |   185 |   376 |   399 |   545 |   374 |    20 ||  2036
       Gold dragon scale |       |       |       |       |       |       |       |   640 ||   640
Dodge: Dodged            |    28 |    64 |    40 |   180 |   231 |   363 |   288 |   357 ||  1551
       Repelled          |       |       |       |     3 |    20 |     7 |     3 |    35 ||    68
Block: Buckler           |    15 |    37 |    37 |    24 |       |       |       |       ||   113
       Kite shield       |       |       |    83 |   676 |   362 |  1090 |   778 |  1184 ||  4173
       Reflection        |       |       |     1 |    27 |    40 |    76 |     7 |    45 ||   196
       Tower shield      |       |       |       |       |   488 |       |       |       ||   488

Table legend: (Time is in decaauts)
 A = Elapsed time spent in this place.
 B = Non-inter-level travel time spent in this place.
 C = Inter-level travel time spent in this place.
 D = Time resting spent in this place.
 E = Time spent auto-exploring this place.
 F = Levels seen in this place.
 G = Mean time per level.
                   A        B        C        D        E       F      G
               +--------+--------+--------+--------+--------+-----+--------+
         Total |  76099 |  71014 |   5085 |  17235 |  40230 |  56 | 1358.9 |
       Dungeon |  19418 |  17350 |   2068 |   2804 |  11280 |  15 | 1294.5 |
        Temple |    131 |    119 |     12 |      0 |    108 |   1 |  131.0 |
          Lair |   8446 |   7766 |    680 |   2391 |   4467 |   6 | 1407.7 |
         Swamp |   6409 |   6202 |    207 |   2488 |   2602 |   4 | 1602.2 |
   Spider Nest |   4999 |   4902 |     97 |    818 |   3073 |   4 | 1249.8 |
  Orcish Mines |   2698 |   2274 |    424 |    668 |   1070 |   2 | 1349.0 |
   Elven Halls |   4954 |   4444 |    510 |    729 |   2665 |   3 | 1651.3 |
        Vaults |  11704 |  11247 |    457 |   2358 |   6998 |   5 | 2340.8 |
        Depths |   6073 |   5671 |    402 |   1384 |   3322 |   4 | 1518.2 |
           Zot |   8947 |   8723 |    224 |   3103 |   3606 |   5 | 1789.4 |
         Abyss |     95 |     95 |      0 |     32 |     48 |   1 |   95.0 |
        Bazaar |    555 |    555 |      0 |      0 |    340 |   2 |  277.5 |
       Ossuary |    118 |    118 |      0 |      0 |     45 |   1 |  118.0 |
        Bailey |    537 |    537 |      0 |    355 |     68 |   1 |  537.0 |
    Desolation |    196 |    196 |      0 |     20 |     69 |   1 |  196.0 |
      Gauntlet |    812 |    812 |      0 |     83 |    466 |   1 |  812.0 |
               +--------+--------+--------+--------+--------+-----+--------+

Top non-repeatable levels by time:
Vaults:4: 2797 daAuts
Vaults:3: 2716 daAuts
   Zot:5: 2598 daAuts
Vaults:1: 2468 daAuts
     D:6: 2393 daAuts
Vaults:2: 2214 daAuts
   Zot:4: 2119 daAuts
 Swamp:3: 2103 daAuts
 Swamp:4: 1972 daAuts
  Lair:6: 1781 daAuts
   Elf:2: 1762 daAuts
   Zot:2: 1757 daAuts
Depths:3: 1734 daAuts
Depths:1: 1725 daAuts
Spider:4: 1712 daAuts
